| TOP OF THE 1ST |
|
Oregon State University Beavers batting - Pitching for California State University at Fullerton Titans : RHP Alex Valdez
|
|
Pitching: RHP Alex Valdez
|
|
|
Batting: RHB Willie Lopez
|
0-0: Ball 1-0: Ball 2-0: SINGLE (Line Drive, 6M, EV 98.1 MPH)
|
|
Batting: RHB Yasuyuki Moriyama
|
0-0: Called Strike Willie Lopez steals 2nd base 0-1: Ball 1-1: SINGLE (Flyball, 8LM, EV 85.6 MPH) Willie Lopez to third
|
|
Batting: SHB Sosaia Apelahama
|
0-0: Swinging Strike 0-1: Called Strike 0-2: Ball 1-2: Foul Ball, location: 2F 1-2: Ball 2-2: Ball 3-2: SINGLE (Groundball, 13S, EV 71.2 MPH) (infield hit) Yasuyuki Moriyama to second
|
|
Batting: LHB Sun-wei Kuai
|
0-0: Foul Ball, location: 2F 0-1: Called Strike 0-2: Ball 1-2: Foul Ball, location: 2F 1-2: Foul Ball, location: 2F 1-2: Fielders Choice at 2nd, 5-4 (Groundball, 5S, EV 87.5 MPH) Willie Lopez scores Yasuyuki Moriyama to third
|
|
Batting: RHB Rafael Ventura
|
0-0: Called Strike 0-1: Ball 1-1: Swinging Strike 1-2: Strikes out swinging
|
|
Batting: LHB Abdul-Hakim Jibril
|
0-0: Called Strike 0-1: Called Strike 0-2: Ball 1-2: Foul Ball, location: 2F 1-2: Ball 2-2: Ball 3-2: Fly out, F7 (Line Drive, 78M, EV 98.1 MPH)
|
| Top of the 1st over - 1 run, 3 hits, 0 errors, 2 left on base; Oregon State University 1 - California State University at Fullerton 0 |
| BOTTOM OF THE 1ST |
|
California State University at Fullerton Titans batting - Pitching for Oregon State University Beavers : RHP Willie Lopez
|
|
Pitching: RHP Willie Lopez
|
|
|
Batting: LHB Jim Snell
|
0-0: Swinging Strike 0-1: Ball 1-1: Foul Ball, location: 2F 1-2: Foul Ball, location: 2F 1-2: SOLO HOME RUN (Flyball, 9LD, EV 93.8 MPH), Distance : 358 ft
|
|
Batting: RHB Zach Warwick
|
0-0: Hit by Pitch
|
|
Batting: LHB Alberto Aguilar
|
0-0: Called Strike 0-1: Ball Zach Warwick steals 2nd base 1-1: Called Strike 1-2: Ball 2-2: Ball 3-2: Reached on error, E5 (Groundball, 56S, EV 60.0 MPH) Zach Warwick to third
|
|
Batting: RHB Jamie Blankenship
|
0-0: Ball 1-0: Ball 2-0: Ball 3-0: Called Strike 3-1: SINGLE (Groundball, 56D, EV 89.4 MPH) (infield hit) Zach Warwick scores Alberto Aguilar to second
|
|
Batting: SHB Jonathan Jacob
|
0-0: Ball 1-0: Foul Ball, location: 2F 1-1: Ball 2-1: Called Strike 2-2: Strikes out swinging
|
|
Batting: LHB Mike Fernandez
|
0-0: Swinging Strike 0-1: Foul Ball, location: 2F 0-2: Ball 1-2: Fielders Choice at 2nd, 3-6 (Groundball, 34, EV 108.8 MPH) Alberto Aguilar to third
|
|
Batting: RHB Matt Martin
|
0-0: Ball 1-0: Foul Ball, location: 2F 1-1: Foul Ball, location: 2F 1-2: Strikes out swinging
|
| Bottom of the 1st over - 2 runs, 2 hits, 1 error, 2 left on base; Oregon State University 1 - California State University at Fullerton 2 |
| TOP OF THE 2ND |
|
Oregon State University Beavers batting - Pitching for California State University at Fullerton Titans : RHP Alex Valdez
|
|
Batting: SHB Hui Li
|
0-0: Foul Ball, location: 2F 0-1: Ball 1-1: Fly out, F8 (Flyball, 8RM, EV 85.6 MPH)
|
|
Batting: RHB Israel Soto
|
0-0: Foul Ball, location: 2F 0-1: Foul Ball, location: 2F 0-2: Foul Ball, location: 2F 0-2: Strikes out swinging
|
|
Batting: RHB Luis Flores
|
0-0: Ball 1-0: Ball 2-0: Called Strike 2-1: Called Strike 2-2: Ball 3-2: Strikes out swinging
|
| Top of the 2nd over - 0 runs, 0 hits, 0 errors, 0 left on base; Oregon State University 1 - California State University at Fullerton 2 |
| BOTTOM OF THE 2ND |
|
California State University at Fullerton Titans batting - Pitching for Oregon State University Beavers : RHP Willie Lopez
|
|
Batting: SHB Jason Pugh
|
0-0: Ball 1-0: Swinging Strike 1-1: Called Strike 1-2: Foul Ball, location: 2F 1-2: Strikes out swinging
|
|
Batting: RHB Sergio Cervantes
|
0-0: Called Strike 0-1: Foul Ball, location: 2F 0-2: Ball 1-2: Foul Ball, location: 2F 1-2: Ball 2-2: Fly out, F9 (Flyball, 9D, EV 100.6 MPH)
|
|
Batting: LHB Jim Snell
|
0-0: Fly out, F8 (Flyball, 8RXD, EV 83.8 MPH)
|
| Bottom of the 2nd over - 0 runs, 0 hits, 0 errors, 0 left on base; Oregon State University 1 - California State University at Fullerton 2 |
| TOP OF THE 3RD |
|
Oregon State University Beavers batting - Pitching for California State University at Fullerton Titans : RHP Alex Valdez
|
|
Batting: RHB Willie Lopez
|
0-0: Called Strike 0-1: Ground out 5-3 (Groundball, 56, EV 88.8 MPH)
|
|
Batting: RHB Yasuyuki Moriyama
|
0-0: Ball 1-0: Ball 2-0: Called Strike 2-1: Swinging Strike 2-2: Foul Ball, location: 2F 2-2: Strikes out swinging
|
|
Batting: SHB Sosaia Apelahama
|
0-0: Called Strike 0-1: Swinging Strike 0-2: SINGLE (Groundball, 23, EV 90.6 MPH) (infield hit)
|
|
Batting: LHB Sun-wei Kuai
|
0-0: Fly out, F9 (Flyball, 89S, EV 84.4 MPH)
|
| Top of the 3rd over - 0 runs, 1 hit, 0 errors, 1 left on base; Oregon State University 1 - California State University at Fullerton 2 |
| BOTTOM OF THE 3RD |
|
California State University at Fullerton Titans batting - Pitching for Oregon State University Beavers : RHP Willie Lopez
|
|
Batting: RHB Zach Warwick
|
0-0: Ground out U3 (Groundball, 3S, EV 75.0 MPH)
|
|
Batting: LHB Alberto Aguilar
|
0-0: Called Strike 0-1: Fly out, F3 (Popup, 3SF, EV 70.0 MPH)
|
|
Batting: RHB Jamie Blankenship
|
0-0: Called Strike 0-1: Foul Ball, location: 2F 0-2: Ball 1-2: Ball 2-2: Foul Ball, location: 2F 2-2: Ball 3-2: Base on Balls
|
|
Batting: SHB Jonathan Jacob
|
0-0: Ball 1-0: Called Strike 1-1: Swinging Strike 1-2: Fly out, F7 (Flyball, 7LM, EV 98.8 MPH)
|
| Bottom of the 3rd over - 0 runs, 0 hits, 0 errors, 1 left on base; Oregon State University 1 - California State University at Fullerton 2 |
| TOP OF THE 4TH |
|
Oregon State University Beavers batting - Pitching for California State University at Fullerton Titans : RHP Alex Valdez
|
|
Batting: RHB Rafael Ventura
|
0-0: Called Strike 0-1: Called Strike 0-2: Ball 1-2: Ball 2-2: Foul Ball, location: 2F 2-2: Strikes out looking
|
|
Batting: LHB Abdul-Hakim Jibril
|
0-0: Called Strike 0-1: Foul Ball, location: 2F 0-2: Foul Ball, location: 2F 0-2: Foul Ball, location: 2F 0-2: SINGLE (Line Drive, 78M, EV 101.9 MPH)
|
|
Batting: SHB Hui Li
|
0-0: Foul Ball, location: 2F 0-1: Fly out, F8 (Flyball, 78XD, EV 77.5 MPH)
|
|
Batting: RHB Israel Soto
|
0-0: Called Strike 0-1: Ball 1-1: Foul Ball, location: 2F 1-2: Foul Ball, location: 2F 1-2: Foul Ball, location: 2F 1-2: Ball 2-2: Ground out 6-3 (Groundball, 56, EV 85.0 MPH)
|
| Top of the 4th over - 0 runs, 1 hit, 0 errors, 1 left on base; Oregon State University 1 - California State University at Fullerton 2 |
| BOTTOM OF THE 4TH |
|
California State University at Fullerton Titans batting - Pitching for Oregon State University Beavers : RHP Willie Lopez
|
|
Batting: LHB Mike Fernandez
|
0-0: Called Strike 0-1: Swinging Strike 0-2: Ball 1-2: Foul Ball, location: 2F 1-2: Foul Ball, location: 2F 1-2: Ball 2-2: Ground out 6-3 (Groundball, 6M, EV 103.8 MPH)
|
|
Batting: RHB Matt Martin
|
0-0: Foul Ball, location: 2F 0-1: Ball 1-1: Ball 2-1: Ball 3-1: Foul Ball, location: 2F 3-2: Strikes out swinging
|
|
Batting: SHB Jason Pugh
|
0-0: Ground out 4-3 (Groundball, 4, EV 99.4 MPH)
|
| Bottom of the 4th over - 0 runs, 0 hits, 0 errors, 0 left on base; Oregon State University 1 - California State University at Fullerton 2 |
| TOP OF THE 5TH |
|
Oregon State University Beavers batting - Pitching for California State University at Fullerton Titans : RHP Alex Valdez
|
|
Pitching: RHP Adhamhnan Muljana
|
|
|
Batting: RHB Luis Flores
|
0-0: Called Strike 0-1: Foul Ball, location: 2F 0-2: Strikes out swinging
|
|
Batting: RHB Willie Lopez
|
0-0: Foul Ball, location: 2F 0-1: Ball 1-1: Swinging Strike 1-2: Ball 2-2: Strikes out swinging
|
|
Batting: RHB Yasuyuki Moriyama
|
0-0: Ball 1-0: Swinging Strike 1-1: Foul Ball, location: 2F 1-2: Strikes out swinging
|
| Top of the 5th over - 0 runs, 0 hits, 0 errors, 0 left on base; Oregon State University 1 - California State University at Fullerton 2 |
| BOTTOM OF THE 5TH |
|
California State University at Fullerton Titans batting - Pitching for Oregon State University Beavers : RHP Willie Lopez
|
|
Batting: RHB Sergio Cervantes
|
0-0: Ball 1-0: Called Strike 1-1: Called Strike 1-2: Strikes out swinging
|
|
Batting: LHB Jim Snell
|
0-0: Ball 1-0: Called Strike 1-1: Reached on error, E5 (Groundball, 56S, EV 83.1 MPH)
|
|
Pitching: RHP Peka Nara
|
|
|
Batting: RHB Zach Warwick
|
0-0: Ball Wild Pitch! Jim Snell to second 1-0: Called Strike 1-1: Ball 2-1: Ball 3-1: Called Strike 3-2: Strikes out looking
|
|
Batting: LHB Alberto Aguilar
|
0-0: Swinging Strike 0-1: Ball 1-1: Foul Ball, location: 2F 1-2: Strikes out looking
|
| Bottom of the 5th over - 0 runs, 0 hits, 1 error, 1 left on base; Oregon State University 1 - California State University at Fullerton 2 |
| TOP OF THE 6TH |
|
Oregon State University Beavers batting - Pitching for California State University at Fullerton Titans : RHP Adhamhnan Muljana
|
|
Batting: SHB Sosaia Apelahama
|
0-0: Foul Ball, location: 2F 0-1: Called Strike 0-2: Strikes out swinging
|
|
Batting: LHB Sun-wei Kuai
|
0-0: Foul Ball, location: 2F 0-1: Ball 1-1: Ball 2-1: Foul Ball, location: 2F 2-2: Foul Ball, location: 2F 2-2: Fly out, F8 (Flyball, 8LM, EV 90.6 MPH)
|
|
Pinch Hitting: LHB Fred Bal
|
0-0: Called Strike 0-1: Ball 1-1: Fly out, F5 (Line Drive, 5, EV 61.9 MPH)
|
| Top of the 6th over - 0 runs, 0 hits, 0 errors, 0 left on base; Oregon State University 1 - California State University at Fullerton 2 |
| BOTTOM OF THE 6TH |
|
California State University at Fullerton Titans batting - Pitching for Oregon State University Beavers : RHP Peka Nara
|
|
Now at 3B: Eric Robertson
|
|
|
Batting: RHB Jamie Blankenship
|
0-0: Ball 1-0: Ball 2-0: Called Strike 2-1: Ball 3-1: Foul Ball, location: 2F 3-2: Fly out, F5 (Popup, 25F, EV 81.9 MPH)
|
|
Batting: SHB Jonathan Jacob
|
0-0: Ball 1-0: Ball 2-0: Called Strike 2-1: Ball 3-1: Base on Balls
|
|
Batting: LHB Mike Fernandez
|
0-0: Ball 1-0: Fielders Choice at 2nd, 2-6 (Groundball, 2R, EV 65.6 MPH)
|
|
Batting: RHB Matt Martin
|
0-0: Ball 1-0: Called Strike 1-1: Ball Mike Fernandez steals 2nd base 2-1: Swinging Strike 2-2: Ball 3-2: Strikes out swinging
|
| Bottom of the 6th over - 0 runs, 0 hits, 0 errors, 1 left on base; Oregon State University 1 - California State University at Fullerton 2 |
| TOP OF THE 7TH |
|
Oregon State University Beavers batting - Pitching for California State University at Fullerton Titans : RHP Adhamhnan Muljana
|
|
Batting: LHB Abdul-Hakim Jibril
|
0-0: Called Strike 0-1: Ball 1-1: Foul Ball, location: 2F 1-2: Strikes out swinging
|
|
Batting: SHB Hui Li
|
0-0: Called Strike 0-1: Ball 1-1: Foul Ball, location: 2F 1-2: Strikes out looking
|
|
Batting: RHB Israel Soto
|
0-0: Ball 1-0: Called Strike 1-1: Foul Ball, location: 2F 1-2: Strikes out swinging
|
| Top of the 7th over - 0 runs, 0 hits, 0 errors, 0 left on base; Oregon State University 1 - California State University at Fullerton 2 |
| BOTTOM OF THE 7TH |
|
California State University at Fullerton Titans batting - Pitching for Oregon State University Beavers : RHP Peka Nara
|
|
Batting: SHB Jason Pugh
|
0-0: Foul Ball, location: 2F 0-1: Swinging Strike 0-2: Strikes out swinging
|
|
Batting: RHB Sergio Cervantes
|
0-0: Fly out, F9 (Flyball, 9LSF, EV 87.5 MPH)
|
|
Batting: LHB Jim Snell
|
0-0: Foul Ball, location: 2F 0-1: Swinging Strike 0-2: Strikes out swinging, 2-3 out at first.
|
| Bottom of the 7th over - 0 runs, 0 hits, 0 errors, 0 left on base; Oregon State University 1 - California State University at Fullerton 2 |
| TOP OF THE 8TH |
|
Oregon State University Beavers batting - Pitching for California State University at Fullerton Titans : RHP Adhamhnan Muljana
|
|
Pitching: RHP Alex Mendoza
|
|
|
Pinch Hitting: LHB Pablo Fraga
|
0-0: Foul Ball, location: 2F 0-1: Foul Ball, location: 2F 0-2: Foul Ball, location: 2F 0-2: Fly out, F8 (Flyball, 8LD, EV 95.6 MPH)
|
|
Batting: RHB Steve Webb
|
0-0: Swinging Strike 0-1: Swinging Strike 0-2: Strikes out swinging
|
|
Pinch Hitting: LHB Jason Trevarrow
|
0-0: Ball 1-0: Ball 2-0: Swinging Strike 2-1: Called Strike 2-2: Ball 3-2: Fly out, F9 (Flyball, 9LSF, EV 86.2 MPH)
|
| Top of the 8th over - 0 runs, 0 hits, 0 errors, 0 left on base; Oregon State University 1 - California State University at Fullerton 2 |
| BOTTOM OF THE 8TH |
|
California State University at Fullerton Titans batting - Pitching for Oregon State University Beavers : RHP Peka Nara
|
|
Now at 1B: Jason Trevarrow
|
|
|
Now at 2B: Aaron Johnson
|
|
|
Batting: RHB Zach Warwick
|
0-0: Ball 1-0: Foul Ball, location: 2F 1-1: Called Strike 1-2: Ball 2-2: SOLO HOME RUN (Line Drive, 9D, EV 102.5 MPH), Distance : 388 ft
|
|
Batting: LHB Alberto Aguilar
|
0-0: Ball 1-0: Reached on error, E4 (Groundball, 4, EV 97.5 MPH)
|
|
Batting: RHB Jamie Blankenship
|
0-0: Called Strike Alberto Aguilar is caught stealing 2nd base 2-4 0-1: Swinging Strike 0-2: Ball 1-2: Foul Ball, location: 2F 1-2: Strikes out swinging
|
|
Batting: SHB Jonathan Jacob
|
0-0: Called Strike 0-1: Swinging Strike 0-2: Ball 1-2: Strikes out swinging
|
| Bottom of the 8th over - 1 run, 1 hit, 1 error, 0 left on base; Oregon State University 1 - California State University at Fullerton 3 |
| TOP OF THE 9TH |
|
Oregon State University Beavers batting - Pitching for California State University at Fullerton Titans : RHP Alex Mendoza
|
|
Pitching: RHP Alex Estrada
|
|
|
Now at 1B: Sergio Cervantes
|
|
|
Now at 2B: Felipe Lara
|
|
|
Now at SS: Jeremy Evans
|
|
|
Now in LF: Jim Snell
|
|
|
Now in CF: Alex Freyre
|
|
|
Batting: SHB Sosaia Apelahama
|
0-0: Ball 1-0: Ball 2-0: Foul Ball, location: 2F 2-1: Swinging Strike 2-2: Foul Ball, location: 2F 2-2: Ball 3-2: Ground out 4-3 (Groundball, 4, EV 88.1 MPH)
|
|
Pinch Hitting: LHB Brock Darby
|
0-0: Ball 1-0: Foul Ball, location: 2F 1-1: Called Strike 1-2: Ground out U3 (Groundball, 3, EV 86.9 MPH)
|
|
Batting: SHB Eric Robertson
|
0-0: Fly out, F7 (Flyball, 78M, EV 93.1 MPH)
|
| Top of the 9th over - 0 runs, 0 hits, 0 errors, 0 left on base; Oregon State University 1 - California State University at Fullerton 3 |
|